 Seeded DCSS version 0.29.1-2-gbd0b4ee654 (webtiles) character file.

Game seed: 20221024 (custom seed)

210 Nerdsrcool the Conjurer (level 5, 39/39 HPs)
             Began as a Demigod Conjurer on Oct 25, 2022.
             Quit the game on level 4 of the Dungeon.
             The game lasted 00:17:26 (3954 turns).

Nerdsrcool the Conjurer (Demigod Conjurer)          Turns: 3954, Time: 00:17:27

Health: 39/39      AC:  6    Str:  8    XL:     5   Next: 30%
Magic:  12/12      EV: 11    Int: 24    God:
Gold:   232        SH:  3    Dex: 12    Spells: 8/9 levels left

rFire   . . .      SeeInvis .   s - +0 dagger (venom)
rCold   . . .      Faith    .   a - +0 buckler {AC+3}
rNeg    . . .      Spirit   .   d - +0 leather armour
rPois   .          Reflect  .   (no helmet)
rElec   .          Harm     .   (no cloak)
rCorr   .          Rampage  .   (no gloves)
Will    .....                   (no boots)
Stlth   ++........              n - amulet of magic regeneration
HPRegen 0.13/turn               (no ring)
MPRegen 0.53/turn               (no ring)

@: no status effects
A: high MP 1, forlorn, divine attributes, hooves 1
a: no special abilities


You were on level 4 of the Dungeon.
You visited 1 branch of the dungeon, and saw 4 of its levels.

You collected 232 gold pieces.

Inventory:

Hand Weapons
 g - a +0 dagger
 s - a +0 dagger of venom (weapon)
 A - the +2 dagger of Fonodacs {antimagic, rF++ rC- Will+ Stlth+}
   (You acquired it on level 2 of the Dungeon)

   It reduces the magical energy of the wielder, and disrupts the spells and
   magical abilities of those it strikes.
   Natural abilities and divine invocations are not affected.
   rF:        It greatly protects you from fire.
   rC:        It makes you vulnerable to cold.
   Will:      It increases your willpower.
   Stlth:     It makes you more stealthy.
Missiles
 e - 12 poisoned darts
 i - 9 boomerangs
Armour
 a - a +0 buckler of protection (worn)
 d - a +0 leather armour (worn)
 l - an orb of light
Magical Staves
 D - a staff of conjuration
Jewellery
 n - an amulet of magic regeneration (around neck)
Wands
 h - a wand of flame (12)
 B - a wand of light (7)
 C - a wand of roots (2)
Scrolls
 c - 2 scrolls of noise
 o - a scroll of torment
 q - 2 scrolls of vulnerability {unknown}
 r - a scroll of blinking {unknown}
 t - 2 scrolls of magic mapping {unknown}
 v - a scroll of immolation {unknown}
 w - a scroll of fear {unknown}
 x - a scroll of enchant armour {unknown}
 y - a scroll of teleportation {unknown}
Potions
 b - a potion of magic
 f - a potion of ambrosia {unknown}
 j - 2 potions of invisibility {unknown}
 k - a potion of attraction {unknown}
 m - 5 potions of curing
 p - a potion of lignification {unknown}
 u - a potion of haste {unknown}
 z - a potion of flight {unknown}
 E - a potion of heal wounds


   Skills:
 + Level 0.3 Fighting
 + Level 0.1 Short Blades
 + Level 1.8 Armour
 + Level 2.2 Dodging
 + Level 2.2 Stealth
 + Level 0.3 Shields
 + Level 2.7 Spellcasting
 + Level 4.8 Conjurations


You had 8 spell levels left.
You knew the following spells:

 Your Spells              Type           Power      Damage    Failure   Level
a - Magic Dart            Conj           100%       1d8       3%          1

Your spell library contained the following spells:

 Spells                   Type           Power      Damage    Failure   Level
 Searing Ray              Conj           52%        2d6       4%          2
 Dazzling Flash           Conj/Hex       30%        N/A       24%         3
 Sublimation of Blood     Necr           3%         N/A       32%         2
 Wereblood                Tmut           3%         N/A       32%         2
 Fulminant Prism          Conj/Hex       7%         3d7       61%         4
 Iskenderun's Mystic Bla  Conj/Tloc      15%        2d5       61%         4
 Summon Hydra             Summ           1%         N/A       100%        7


Dungeon Overview and Level Annotations

Branches:
Dungeon (4/15)
 Temple: D:4-7

Shops:
D:3 *

Annotations:
D:4 3 runed translucent doors, warborn304's ghost, amateur HOFi


Innate Abilities, Weirdness & Mutations

You have an increased reservoir of magic. (+10% MP)
You shall have no god before yourself.
Your divine heritage dramatically boosts your attributes as you level up.
You have large cloven feet.


Message History

The magic dart hits the iguana but does no damage.
The iguana is heavily wounded.
The magic dart hits the iguana.
The iguana is severely wounded.
The magic dart hits the iguana.
The iguana is severely wounded.
The magic dart hits the iguana but does no damage.
The iguana is severely wounded.
You hit the iguana but do no damage.
The iguana is poisoned.
The iguana is severely wounded.
The iguana bites you.
You barely miss the iguana.
The iguana is severely wounded.
The iguana closely misses you.
You barely miss the iguana.
The iguana is almost dead.
The iguana closely misses you.
You hit the iguana.
You kill the iguana!
t - 2 scrolls labelled QYXALOAWKU (gained 1)
E - a potion of heal wounds
Found a stone staircase leading down.
There is a stone staircase leading up here.
You now have 228 gold pieces (gained 6).
You see here the +1 leather armour of the Evil One {rC+ Int+5}.
You see here a +0 mace.
Found a runed translucent gate.
Found an opulent altar of Gozag.
Warborn304's ghost turns its malevolent gaze towards you.
Warborn304's ghost says, "I'll split you in two!"
The iguana hisses angrily.
The steam dragon hisses angrily.
You now have 232 gold pieces (gained 4).
There is a stone staircase leading up here.
The iguana hisses angrily.
Warborn304's ghost makes a sound of rattling chains.
The quokka twitches its whiskers.
Warborn304's ghost says, "Try not to bleed too much."
Char dumped successfully.
Are you sure you want to abandon this character and quit the game? (Confirm with "yes".)

#..........# #..........#
##############...[......#
........................#
##########...##........## ##
#...##..........# .#
#..###^.........#
#########..###..........#
8.##.........#..@)......#
.$∩###...#.#............#
$$8####....##..........#####
8.∩#...........#...........#
.$8#...........<.####......#
.=.#...#........#####..>...#
8.##..................<....######
####.........#.######......##...#
..##.#.......#.### #.÷....##...#


There were no monsters in sight!

Vanquished Creatures
  A scorpion (D:4)
  Ijyb (D:3)
  An iguana (D:4)
  3 adders
  A worm (D:3)
  An orc (D:3)
  5 bats
  3 endoplasms
  12 giant cockroaches
  6 goblins
  6 hobgoblins
  7 kobolds
  2 quokkas
  9 ball pythons
  A frilled lizard (D:1)
  5 rats
64 creatures vanquished.

Notes
Turn   | Place    | Note
-------+----------+-------------------------------------------
     0 | D:1      | Nerdsrcool the Demigod Conjurer began the quest for the
                  | Orb.
     0 | D:1      | Reached XP level 1. HP: 14/14 MP: 5/5
   506 | D:1      | Reached skill level 4 in Conjurations
   506 | D:1      | Reached XP level 2. HP: 20/20 MP: 5/7
  1171 | D:2      | Reached XP level 3. HP: 26/26 MP: 3/8
  2199 | D:3      | Found Eromahec's Assorted Antiques.
  2264 | D:2      | Identified 2 scrolls of acquirement
  2264 | D:2      | Acquired the +2 dagger of Fonodacs {antimagic, rF++ rC-
                  | Will+ Stlth+}
  2267 | D:2      | Acquired a book of Blood
  2377 | D:3      | Acquired a +0 buckler of protection
  2651 | D:3      | Reached skill level 1 in Armour
  2838 | D:3      | Reached XP level 4. HP: 33/33 MP: 6/10
  2854 | D:3      | Noticed Ijyb
  2895 | D:3      | Killed Ijyb
  3494 | D:3      | Gained mutation: Your flesh is cold resistant. (rC+)
                  | [potion of mutation]
  3494 | D:3      | Gained mutation: Your movements are slightly less
                  | encumbered by armour. (ER -2) [potion of mutation]
  3494 | D:3      | Gained mutation: You are partially covered in iridescent
                  | scales. (AC +2) [potion of mutation]
  3495 | D:3      | Lost mutation: Your flesh is cold resistant. (rC+) [potion
                  | of mutation]
  3495 | D:3      | Lost mutation: Your movements are slightly less encumbered
                  | by armour. (ER -2) [potion of mutation]
  3495 | D:3      | Lost mutation: You are partially covered in iridescent
                  | scales. (AC +2) [potion of mutation]
  3495 | D:3      | Gained mutation: You have large cloven feet. [potion of
                  | mutation]
  3522 | D:4      | Reached XP level 5. HP: 34/38 MP: 7/11
  3755 | D:4      | Identified the +1 leather armour of the Evil One {rC+
                  | Int+5}
  3798 | D:4      | Found a runed translucent gate.
  3799 | D:4      | Found a runed translucent gate.
  3800 | D:4      | Found a runed translucent gate.
  3801 | D:4      | Noticed warborn304's ghost (amateur HOFi)
  3802 | D:4      | Noticed a steam dragon
  3954 | D:4      | Quit the game

Illustrated notes

Levels and vault maps discovered:
D:1:      psy_arrival_whirlpool, layout_rooms, minmay_pentomino_v4
D:2:      minmay_roachtagon, layout_loops_cross, basic_altar,
          hellmonk_ecumenical_altar_inner_sanctum
D:3:      layout_basic, nicolae_dithmenos_shadow_blocks, serial_shops,
          shop_coins, minmay_misc_feat_plants, minmay_misc_feat_ornament,
          uniq_ijyb
D:4:      layout_rooms, ebering_ghost_gozag

Skill      XL: |  1  2  3  4 |
---------------+-------------+-----
Conjurations   | 4 |  4.8
Spellcasting   | 2 |  2.7
Dodging        | 2 |  2.2
Armour         | 1 |  1.8
Stealth        | 2 |  2.2
Fighting       | |  0.3
Short Blades   | |  0.1
Shields        | |  0.3

Action                   |  1- 3 |  4- 6 || total
-------------------------+-------+-------++-------
Melee: Dagger            |    12 |    31 ||    43
       Kick              |       |     1 ||     1
 Cast: Magic Dart        |   111 |    28 ||   139
  Use: Scroll            |     4 |     2 ||     6
       Potion            |       |     4 ||     4
Armor: Leather armour    |     8 |     8 ||    16
Dodge: Dodged            |    12 |    11 ||    23
Block: Buckler           |       |     5 ||     5
